 Dungeon Crawl Stone Soup version 0.20-a0-553-gbaa0004 (webtiles) character file.

19 Implojin the Insei (level 2, -18/37 HPs)
             Began as a Cyno Chaos Knight on Feb 5, 2017.
             Killed from afar by Natasha (45 damage)
             ... with an exploding inner flame
             ... hexed by the player character
             ... on level 2 of the Dungeon.
             The game lasted 00:01:20 (665 turns).

Implojin the Insei (Cyno Chaos Knight)               Turns: 665, Time: 00:01:21

Health: -18/37     AC: 21    Str: 11    XL:     2   Next: 39%
Magic:  2/2        EV:  2    Int: 12    God:    Xom [..*...]
Gold:   0          SH:  0    Dex: 13    Spells: 1/1 levels left

rFire    . . .     SeeInvis .     - Unarmed
rCold    . . .     Gourm    .   (armour currently unavailable)
rNeg     + + +     Faith    .   (no shield)
rPois    +         Spirit   .   (helmet currently unavailable)
rElec    .         Reflect  .   (cloak currently unavailable)
rCorr    .         Harm     .   (gloves currently unavailable)
MR       .....     NoTele   +   (boots currently unavailable)
Stlth    +.........             (no amulet)
Regen    0.2/turn               (no ring)
                                (no ring)

@: tree-form, slowed, very slow
A: short attention span, strong nose 1
a: Renounce Religion


You were on level 2 of the Dungeon.
You worshipped Xom.
You were a toy of Xom.
You were not hungry.
You were a tree.
You visited 1 branch of the dungeon, and saw 2 of its levels.

Inventory:

Hand Weapons
 g - a +1 hunting sling
Armour
 a - a +2 leather armour (melded)
 c - a +0 chain mail
Potions
 f - a potion of lignification
Comestibles
 b - a bread ration


   Skills:
 - Level 4.0 Fighting
 - Level 2.6 Armour
 - Level 1.3 Dodging
 * Level 5.1 Unarmed Combat


You had one spell level left.
You didn't know any spells.

Dungeon Overview and Level Annotations

Branches:
Dungeon (2/15)

Altars:


Innate Abilities, Weirdness & Mutations

You have a short attention span.
You have a good sense of smell.


Message History

You see here a hunting sling.
g - a hunting sling The goblin hits you.
Your leather armour prevents you from hitting the goblin.
You hit the goblin.
You kill the goblin!
You see here a goblin corpse.
You start resting.
HP restored.
Natasha, Servant of Life and Death comes into view.
Found 17 gold pieces.
Natasha hisses angrily.
Found a stone staircase leading down.
An adder comes into view.
The adder hisses angrily.
Natasha stares at you and mumbles some strange words.
You feel yourself slow down.
As you read the scroll labeled MIHURCHIFIL, it crumbles to dust.
It is a scroll of enchant weapon.
Your hunting sling glows red for a moment.
Natasha stares at you and mumbles some strange words.
The magic dart hits you!
As you read the scroll labeled JOPEUF EWNAON, it crumbles to dust.
The creatures around you are filled with an inner flame!
It was a scroll of immolation.
Xom thinks this is hilarious!
It was a potion of lignification.
You turn into a tree.
Your +2 leather armour melds into your body.
Your roots penetrate the ground.
Xom roars with laughter!
Natasha barely misses you. The adder bites you but does no damage.
Natasha barely misses you.
You smack the adder!
The adder explodes!
The fiery explosion engulfs Natasha.
Natasha explodes!
The fiery explosion engulfs you!
Ouch! That really hurt!
You die...
Xom is highly amused!

######.###.#
#...........
#....$......
#...........
#......)....
#...§§..?...
#..§.§......
#..§♣§§.....
#...§§§.....
#######...........
.......†..........
########...........
#.)<..............#
###.#...........#.#
#.#.#######....>#
#.#.# .#.##


There were no monsters in sight!

Vanquished Creatures
  3 giant cockroaches (D:1)
  2 goblins
  3 hobgoblins
  2 jackals
  5 kobolds
  A rat (D:1)
16 creatures vanquished.

Notes
Turn   | Place    | Note
-------+----------+-------------------------------------------
     0 | D:1      | Implojin the Cyno Chaos Knight began the quest for the Orb.
     0 | D:1      | Reached XP level 1. HP: 19/19 MP: 1/1
   411 | D:1      | XOM: potion effect (might)
   469 | D:1      | Reached XP level 2. HP: 25/25 MP: 2/2
   483 | D:1      | Reached skill level 5 in Unarmed Combat
   484 | D:1      | XOM: harmless Necr miscast
   493 | D:1      | XOM: silly message
   577 | D:2      | XOM: harmless Conj miscast
   659 | D:2      | Noticed Natasha
   665 | D:2      | Killed Natasha
   665 | D:2      | Killed from afar by Natasha

Vault maps used:
D:1:      dpeg_arrival_concentric_ovals, st_stairs_5
D:2:      minmay_wonky_spiral, lemuel_zombie_altar_kikubaaqudgha, tgw_fedhas,
          uniq_natasha

Skill      XL: |  1  2 |
---------------+-------+-----
Unarmed Combat | 5 |  5.1
Fighting       | |  4.0
Armour         | |  2.6
Dodging        | |  1.3

Action                   || total
-------------------------++-------
Melee: Unarmed           ||    47
       Punch             ||     1
  Use: Scroll            ||     2
       Potion            ||     1
Armor: Leather armour    ||    28
       Skin              ||     1
Dodge: Dodged            ||    28

Table legend:
 A = Turns spent in this place as a percentage of turns spent in the entire game.
 B = Non-inter-level travel turns spent in this place as a percentage of non-inter-level travel turns spent in the entire game.
 C = Inter-level travel turns spent in this place as a percentage of turns spent in this place.
 D = Turns resting spent in this place as a percentage of non-inter-level travel turns spent in this place.
 E = Turns spent auto-exploring this place as a percentage of non-inter-level travel turns spent in this place.
 F = Non-inter-level travel turns spent in this place divided by the number of levels of this place that you've seen.
                   A       B       C       D       E      F
               +-------+-------+-------+-------+-------+----------------------
         Total | 100.0 | 100.0 |   0.0 |   7.3 |   2.6 |  96.5
       Dungeon | 100.0 | 100.0 |   0.0 |   7.3 |   2.6 |  96.5
               +-------+-------+-------+-------+-------+----------------------

Table legend:
 A = Kills in this place as a percentage of kills in entire the game.
 B = Kills by you in this place as a percentage of kills by you in the entire game.
 C = Kills by friends in this place as a percentage of kills by friends in the entire game.
 D = Other kills in this place as a percentage of other kills in the entire game.
 E = Experience gained in this place as a percentage of experience gained in the entire game.
 F = Experience gained in this place divided by the number of levels of this place that you have seen.
                   A       B       C       D       E      F
               +-------+-------+-------+-------+-------+----------------------
         Total | 100.0 | 100.0 |  -nan |  -nan | 100.0 |  14.0
       Dungeon | 100.0 | 100.0 |  -nan |  -nan | 100.0 |  14.0
               +-------+-------+-------+-------+-------+----------------------
